 Dungeon Crawl Stone Soup version 0.28-a0-811-g00180f5fcc (webtiles) character file.

Game seed: 10071273696747381756

263 Decritt the Cudgeller (level 6, -9/40 HPs)
             Began as a Gargoyle Fighter on Nov 8, 2021.
             Mangled by an ogre (16 damage)
             ... on level 4 of the Dungeon.
             The game lasted 00:07:49 (3630 turns).

Decritt the Cudgeller (Gargoyle Fighter)            Turns: 3630, Time: 00:07:49

Health: -9/40      AC: 12    Str: 21    XL:     6   Next: 19%
Magic:  6/6        EV:  9    Int:  9    God:
Gold:   94         SH:  7    Dex:  9    Spells: 5/5 levels left

rFire   . . .      SeeInvis .   a - +0 flail
rCold   . . .      Faith    .   j - +3 buckler of the Will of the Gods {rN+ Will+}
rNeg    + + .      Spirit   .   b - +0 scale mail
rPois   ∞          Reflect  .   (no helmet)
rElec   +          Harm     .   f - +0 cloak
rCorr   .          Rampage  .   (no gloves)
Will    +....                   (no boots)
Stlth   ..........              (no amulet)
HPRegen 0.13/turn               (no ring)
MPRegen 0.10/turn               (no ring)

@: mighty
A: sickness immunity, AC +4, negative energy resistance 1, electricity
resistance, torment resistance 1, petrification resistance
a: no special abilities


You were on level 4 of the Dungeon.
You visited 1 branch of the dungeon, and saw 4 of its levels.

You collected 94 gold pieces.

Inventory:

Hand Weapons
 a - a +0 flail (weapon)
Missiles
 k - 12 poisoned darts (quivered)
 n - 5 boomerangs of dispersal
Armour
 b - a +0 scale mail (worn)
 f - a +0 cloak (worn)
 j - the +3 buckler of the Will of the Gods (worn) {rN+ Will+}
   (You acquired it on level 3 of the Dungeon)

   rN:        It protects you from negative energy.
   Will:      It increases your willpower.
Scrolls
 g - a scroll of noise
 o - a scroll of teleportation {unknown}
Potions
 c - a potion of resistance {unknown}
 d - a potion of might
 h - a potion of lignification
 i - a potion of ambrosia {unknown}
 l - a potion of magic {unknown}
 m - a potion of haste {unknown}


   Skills:
 + Level 5.0 Fighting
 * Level 5.2 Maces & Flails
 - Level 3.2 Armour
 - Level 3.2 Shields


You had 5 spell levels left.
You didn't know any spells.
Your spell library contained the following spells:

 Spells                   Type           Power      Damage    Failure   Level
 Animate Skeleton         Necr           0%         N/A       77%         1
 Apportation              Tloc           0%         N/A       77%         1
 Summon Small Mammal      Summ           0%         N/A       77%         1


Dungeon Overview and Level Annotations

Branches:
Dungeon (4/15)
 Temple: D:4-7

Altars:


Innate Abilities, Weirdness & Mutations

You are immune to sickness and miasma.
Your stone body is resilient. (AC +4)
You are immune to poison.
You resist negative energy. (rN+)
You are resistant to electric shocks. (rElec)
You are resistant to unholy torment.
You are immune to petrification.


Message History

(D) Dungeon
Where to? (Enter - D:3, ? - help)
You see here a +0 buckler.
There is an open door here.
There is a stone staircase leading down here.
You climb downwards.
There is a stone staircase leading up here.
An ogre is nearby!
You throw a poisoned dart. The poisoned dart hits the ogre.
You throw a poisoned dart.
The poisoned dart barely misses the ogre.
You hit the ogre.
The ogre is lightly wounded.
The ogre hits you with a +0 giant club!!
Ouch! That really hurt!
* * * LOW HITPOINT WARNING * * *
You hit the ogre.
The ogre is lightly wounded.
You block the ogre's attack.
You barely miss the ogre.
The ogre is lightly wounded.
The ogre hits you with a +0 giant club!!
* * * LOW HITPOINT WARNING * * *
You feel better.
You feel very mighty all of a sudden. The ogre hits you with a +0 giant club.
* * * LOW HITPOINT WARNING * * *
You barely miss the ogre.
The ogre is lightly wounded.
You block the ogre's attack.
You barely miss the ogre.
The ogre is lightly wounded.
The ogre closely misses you.
You sock the ogre!
The ogre is heavily wounded.
The ogre closely misses you.
You sock the ogre!
The ogre is severely wounded.
The ogre hits you with a +0 giant club!
You die...

###########
##..(......##.#
(.....O@.......
##.######.####.
#


You could see an ogre.

Vanquished Creatures
  A jelly (D:3)
  2 orc wizards (D:3)
  9 adders
  2 worms
  2 dart slugs
  An orc (D:3)
  9 ball pythons
  7 bats
  8 endoplasms
  6 giant cockroaches
  3 goblins (D:1)
  10 hobgoblins
  12 jackals
  A quokka (D:3)
  A frilled lizard (D:3)
  10 kobolds
  6 rats
90 creatures vanquished.

Vanquished Creatures (others)
  2 fungi (D:1)
  3 plants (D:1)
5 creatures vanquished.

Grand Total: 95 creatures vanquished

Notes
Turn   | Place    | Note
-------+----------+-------------------------------------------
     0 | D:1      | Decritt the Gargoyle Fighter began the quest for the Orb.
     0 | D:1      | Reached XP level 1. HP: 14/14 MP: 1/1
    78 | D:1      | Reached XP level 2. HP: 18/19 MP: 2/2
   707 | D:1      | Reached XP level 3. HP: 22/24 MP: 3/3
  1107 | D:1      | Found a faded altar of an unknown god.
  1515 | D:2      | Reached XP level 4. HP: 29/29 MP: 4/4
  2402 | D:3      | Identified a scroll of acquirement
  2402 | D:3      | Acquired the +3 buckler of the Will of the Gods {rN+ Will+}
  2517 | D:3      | Reached XP level 5. HP: 28/34 MP: 5/5
  2834 | D:3      | Reached skill level 5 in Maces & Flails
  2858 | D:3      | Reached XP level 6. HP: 11/40 MP: 6/6
  3245 | D:3      | Reached skill level 5 in Fighting
  3624 | D:4      | HP: 1/40 [ogre (18)]
  3630 | D:4      | Mangled by an ogre

Illustrated notes

Levels and vault maps discovered:
D:1:      shiori_arrival_oz, layout_loops_corners,
          shapermc_ecumenical_altar_ellora
D:2:      layout_basic
D:3:      layout_basic, gup_sewer_entry_glass, amethyst_killhole
D:4:      layout_loops_ring, okawaru_ov_weapons_minmay,
          gammafunk_ghost_abyssal_escape, uniq_natasha

Skill      XL: |  1  2  3  4  5  6 |
---------------+-------------------+-----
Maces & Flails | 3 4 5 |  5.2
Fighting       | 4 5 |  5.0
Armour         | |  3.2
Shields        | |  3.2

Action                   |  1- 3 |  4- 6 || total
-------------------------+-------+-------++-------
Melee: Flail             |   135 |   194 ||   329
Throw: Dart              |       |    18 ||    18
  Use: Scroll            |       |     4 ||     4
       Potion            |       |     2 ||     2
Armor: Scale mail        |    62 |    95 ||   157
Dodge: Dodged            |    51 |    94 ||   145
Block: Buckler           |    31 |    44 ||    75

Table legend: (Time is in decaauts)
 A = Elapsed time spent in this place.
 B = Non-inter-level travel time spent in this place.
 C = Inter-level travel time spent in this place.
 D = Time resting spent in this place.
 E = Time spent auto-exploring this place.
 F = Levels seen in this place.
 G = Mean time per level.
                   A        B        C        D        E       F      G
               +--------+--------+--------+--------+--------+-----+--------+
         Total |   3704 |   3562 |    142 |     88 |   2631 |   4 |  926.0 |
       Dungeon |   3704 |   3562 |    142 |     88 |   2631 |   4 |  926.0 |
               +--------+--------+--------+--------+--------+-----+--------+

Top non-repeatable levels by time:
     D:1: 1536 daAuts
     D:3: 1249 daAuts
     D:2: 907 daAuts
     D:4: 11 daAuts
